 Dungeon Crawl Stone Soup version 0.20.1-1-g8b1a95d66d (webtiles) character file.

124 NixNut the Shooter (level 5, 0/38 HPs)
             Began as a Human Hunter on Dec 29, 2017.
             Was an Initiate of Okawaru.
             Slain by an ogre
             ... wielding a +0 giant spiked club
              (6 damage)
             ... on level 2 of the Dungeon.
             The game lasted 00:10:55 (2609 turns).

NixNut the Shooter (Human Hunter)                   Turns: 2609, Time: 00:10:55

Health: 0/38       AC:  3    Str: 12    XL:     5   Next: 30%
Magic:  0/14       EV: 12    Int: 12    God:    Okawaru [......]
Gold:   146        SH:  0    Dex: 14    Spells: 4/4 levels left

rFire    . . .     SeeInvis .   b - +0 short sword
rCold    . . .     Gourm    .   (no shield)
rNeg     . . .     Faith    .   c - +0 leather armour
rPois    .         Spirit   +   (no helmet)
rElec    .         Reflect  .   v - scarf {Spirit}
rCorr    .         Harm     .   (no gloves)
MR       +....                  (no boots)
Stlth    ++........             (no amulet)
Regen    0.2/turn               g - ring of protection from magic
MPRegen  0.2/turn               k - ring of magical power

@: no status effects
A: no striking features
a: Renounce Religion


You were on level 2 of the Dungeon.
You worshipped Okawaru.
Okawaru was noncommittal.
You were not hungry.

You visited 1 branch of the dungeon, and saw 3 of its levels.

You collected 146 gold pieces.

Inventory:

Hand Weapons
 a - a +1 shortbow
 b - a +0 short sword (weapon)
Missiles
 d - 19 arrows
Armour
 c - a +0 leather armour (worn)
 v - a scarf of spirit shield (worn)
Jewellery
 g - a ring of protection from magic (left hand)
 k - a ring of magical power (right hand)
Scrolls
 j - 3 scrolls of identify {unknown}
 m - 5 scrolls of remove curse {unknown}
 p - a scroll of fog {unknown}
 q - 2 scrolls of enchant armour {unknown}
 s - a scroll of teleportation {unknown}
Potions
 e - a potion of heal wounds {unknown}
 f - 2 potions of berserk rage {unknown}
 h - 2 potions of curing
 i - a potion of brilliance {unknown}
 l - a potion of invisibility {unknown}
 t - a potion of resistance {unknown}
 w - a potion of haste {unknown}
Books
 r - a book of Changes

   Spells                             Type                      Level
   a - Beastly Appendage              Transmutation                1
   b - Sticks to Snakes               Transmutation                2
   c - Spider Form                    Transmutation/Poison         3
   d - Ice Form                       Ice/Transmutation            4
   e - Blade Hands                    Transmutation                5
Comestibles
 n - a royal jelly
 o - a meat ration
 u - 5 fruits


   Skills:
 - Level 2.0 Fighting
 + Level 0.8 Short Blades
 - Level 5.0 Bows
 - Level 2.0 Dodging
 + Level 3.7 Stealth


You had 4 spell levels left.
You didn't know any spells.

Dungeon Overview and Level Annotations

Branches:
Dungeon (3/15)

Altars:
Hepliaklqana
Kikubaaqudgha
Okawaru
Ru


Message History

The worm bites you! The worm bites you.
The ogre hits you with a giant spiked club!!
* * * LOW HITPOINT WARNING * * *
The ogre barely misses you.
A goblin comes into view. It is wielding a dagger.
The goblin hits you but does no damage.
There is a stone staircase leading up here.
The ogre closely misses you. The goblin hits you with a dagger.
* * * LOW HITPOINT WARNING * * *
You climb upwards.
There is a stone staircase leading down here.
The goblin closely misses you.
You climb downwards.
There is a stone staircase leading up, spattered with blood here.
The ogre barely misses you. The goblin hits you but does no damage.
You climb upwards.
There is a stone staircase leading down here.
The ogre hits you with a giant spiked club!
You die...

##...).)......###.#.#.###########
.#.#.####........................
...#.########.###...#.###########
...#.....####.###...#.#
..######............#.#
.#......).###.###.#.#.#
##.######.# #.#.....#.# ##.#
#.###...g.....#
##.######......O@...###
........#######.#.#.# ####
#######.# #.#.#.##########... #
#.#######.#.#............## #
#..†........############## #
###.######### #########.#
..........# ###########


You could see an ogre and a goblin.

Vanquished Creatures
  3 adders
  2 oozes
  2 worms
  3 dart slugs
  5 leopard geckos
  An orc (D:3)
  2 ball pythons (D:2)
  2 giant cockroaches
  4 goblins
  6 hobgoblins
  3 jackals (D:2)
  2 quokkas
  11 bats
  6 frilled lizards
  3 kobolds
  24 rats
79 creatures vanquished.

Notes
Turn   | Place    | Note
-------+----------+-------------------------------------------
     0 | D:1      | NixNut the Human Hunter began the quest for the Orb.
     0 | D:1      | Reached XP level 1. HP: 16/16 MP: 1/1
   130 | D:1      | Reached XP level 2. HP: 21/22 MP: 2/2
   309 | D:1      | Reached XP level 3. HP: 27/27 MP: 3/3
  1106 | D:2      | Reached XP level 4. HP: 33/33 MP: 4/4
  1199 | D:2      | Found a sacrificial altar of Ru.
  1361 | D:2      | Found an iron altar of Okawaru.
  1366 | D:2      | Found a hazy altar of Hepliaklqana.
  1368 | D:2      | Became a worshipper of Warmaster Okawaru
  1371 | D:2      | Found an ancient bone altar of Kikubaaqudgha.
  1770 | D:2      | Reached XP level 5. HP: 36/38 MP: 5/5
  2227 | D:3      | Reached skill level 5 in Bows
  2564 | D:3      | Noticed an ogre
  2609 | D:2      | Slain by an ogre

Skill      XL: |  1  2  3  4  5 |
---------------+----------------+-----
Stealth        | 2 3 |  3.7
Bows           | 5 |  5.0
Fighting       | |  2.0
Short Blades   | |  0.8
Dodging        | |  2.0

Action                   |  1- 3 |  4- 6 || total
-------------------------+-------+-------++-------
Melee: Short sword       |       |    55 ||    55
 Fire: Shortbow          |   104 |    81 ||   185
 Stab: Sleeping          |       |     4 ||     4
  Eat: Bread ration      |       |     1 ||     1
       Chunk             |       |     1 ||     1
Armor: Leather armour    |     8 |    13 ||    21
Dodge: Dodged            |    22 |    57 ||    79
